| TOP OF THE 1ST |
|
New York Mets batting - Pitching for Philadelphia Phillies : RHP Bill Singer
|
|
Pitching: RHP Bill Singer
|
|
|
Batting: RHB Dave Concepcion
|
0-0: SOLO HOME RUN (Flyball, 7D, EV 105.6 MPH), Distance : 367 ft
|
|
Batting: RHB Jason Sickman
|
0-0: Ball 1-0: Foul Ball, location: 2F 1-1: Ball 2-1: Foul Ball, location: 2F 2-2: Ground out 5-3 (Groundball, 56S, EV 93.8 MPH)
|
|
Batting: LHB Lyman Bostock
|
0-0: Ball 1-0: Ground out 5-3 (Groundball, 56, EV 103.1 MPH)
|
|
Batting: RHB Gary Redus
|
0-0: SINGLE (Groundball, 6MD, EV 96.3 MPH)
|
|
Batting: RHB Garry Maddox
|
0-0: Ground out 5-3 (Groundball, 56S, EV 91.3 MPH)
|
| Top of the 1st over - 1 run, 2 hits, 0 errors, 1 left on base; New York 1 - Philadelphia 0 |
| BOTTOM OF THE 1ST |
|
Philadelphia Phillies batting - Pitching for New York Mets : RHP Enrique Martinez
|
|
Pitching: RHP Enrique Martinez
|
|
|
Batting: RHB Andy Ramirez
|
0-0: Called Strike 0-1: Called Strike 0-2: Ball 1-2: Ground out 6-3 (Groundball, 56, EV 77.5 MPH)
|
|
Batting: RHB Paul Molitor
|
0-0: SOLO HOME RUN (Line Drive, 7LD, EV 101.9 MPH), Distance : 362 ft
|
|
Batting: LHB Tony Gwynn
|
0-0: Ball 1-0: Fly out, F8 (Line Drive, 8RD, EV 101.9 MPH)
|
|
Batting: RHB Candy Maldonado
|
0-0: Called Strike 0-1: Ground out 6-3 (Groundball, 6MS, EV 74.4 MPH)
|
| Bottom of the 1st over - 1 run, 1 hit, 0 errors, 0 left on base; New York 1 - Philadelphia 1 |
| TOP OF THE 2ND |
|
New York Mets batting - Pitching for Philadelphia Phillies : RHP Bill Singer
|
|
Batting: LHB John Kruk
|
0-0: Ball 1-0: Ball 2-0: Swinging Strike 2-1: Foul Ball, location: 2F 2-2: Ball 3-2: DOUBLE (Line Drive, 78D, EV 107.5 MPH)
|
|
Batting: RHB Ray Knight
|
0-0: Called Strike 0-1: Reached via error on a dropped throw from 1B, E1 (Groundball, 34, EV 84.4 MPH) John Kruk to third
|
|
Batting: RHB Bill Almon
|
0-0: Foul Ball, location: 2F 0-1: Fielders Choice at 2nd, 4-6 (Groundball, 4D, EV 103.8 MPH) John Kruk scores
|
|
Batting: RHB Enrique Martinez
|
0-0: Sac Bunt to P - play at first, batter OUT! 1-4 Bill Almon to second
|
|
Batting: RHB Dave Concepcion
|
0-0: Foul Ball, location: 2F 0-1: Ball 1-1: Ball 2-1: Ground out 6-3 (Groundball, 56D, EV 108.8 MPH)
|
| Top of the 2nd over - 1 run, 1 hit, 1 error, 1 left on base; New York 2 - Philadelphia 1 |
| BOTTOM OF THE 2ND |
|
Philadelphia Phillies batting - Pitching for New York Mets : RHP Enrique Martinez
|
|
Batting: LHB Ken Phelps
|
0-0: Foul Ball, location: 2F 0-1: Foul Ball, location: 2F 0-2: Ball 1-2: Foul Ball, location: 2F 1-2: Foul Ball, location: 2F 1-2: Ball 2-2: Ball 3-2: Base on Balls
|
|
Batting: RHB Andre Dawson
|
0-0: DOUBLE (Groundball, 3L, EV 103.8 MPH) Ken Phelps to third
|
|
Batting: LHB Lou Whitaker
|
0-0: Called Strike 0-1: Ball 1-1: Called Strike 1-2: Ball 2-2: Strikes out swinging
|
|
Batting: RHB Jody Davis
|
0-0: Called Strike 0-1: Ball 1-1: Ball 2-1: Ground out 4-3 (Groundball, 4D, EV 103.1 MPH) Ken Phelps scores Andre Dawson to third
|
|
Batting: RHB Bill Singer
|
0-0: Called Strike 0-1: Ball 1-1: Swinging Strike 1-2: Strikes out swinging
|
| Bottom of the 2nd over - 1 run, 1 hit, 0 errors, 1 left on base; New York 2 - Philadelphia 2 |
| TOP OF THE 3RD |
|
New York Mets batting - Pitching for Philadelphia Phillies : RHP Bill Singer
|
|
Batting: RHB Jason Sickman
|
0-0: Fly out, F8 (Flyball, 8LD, EV 85.0 MPH)
|
|
Batting: LHB Lyman Bostock
|
0-0: Swinging Strike 0-1: Swinging Strike 0-2: Ball 1-2: Ball 2-2: Foul Ball, location: 2F 2-2: Fly out, F7 (Line Drive, 7, EV 93.8 MPH)
|
|
Batting: RHB Gary Redus
|
0-0: Ball 1-0: Foul Ball, location: 2F 1-1: Swinging Strike 1-2: Ball 2-2: Ball 3-2: Strikes out looking
|
| Top of the 3rd over - 0 runs, 0 hits, 0 errors, 0 left on base; New York 2 - Philadelphia 2 |
| BOTTOM OF THE 3RD |
|
Philadelphia Phillies batting - Pitching for New York Mets : RHP Enrique Martinez
|
|
Batting: RHB Andy Ramirez
|
0-0: Ball 1-0: Called Strike 1-1: Foul Ball, location: 2F 1-2: Foul Ball, location: 2F 1-2: Ball 2-2: SINGLE (Groundball, 5S, EV 65.6 MPH) (infield hit)
|
|
Batting: RHB Paul Molitor
|
0-0: Called Strike 0-1: Called Strike 0-2: Ball 1-2: SINGLE (Groundball, 6S, EV 63.8 MPH) (infield hit) Andy Ramirez to second
|
|
Batting: LHB Tony Gwynn
|
0-0: Called Strike 0-1: Foul Ball, location: 2F 0-2: Ball 1-2: Strikes out swinging
|
|
Batting: RHB Candy Maldonado
|
0-0: Ball 1-0: Called Strike 1-1: Foul Ball, location: 2F 1-2: SINGLE (Groundball, 3D, EV 94.4 MPH) Andy Ramirez to third Paul Molitor to second Runner from 3rd tries for Home, SAFE, throw by RF to home
|
|
Batting: LHB Ken Phelps
|
0-0: Ball Paul Molitor is caught stealing 3rd base 2-5 1-0: Called Strike Candy Maldonado steals 2nd, throwing error, E2 Candy Maldonado to third 1-1: Swinging Strike 1-2: Ground out 6-3 (Groundball, 6, EV 87.5 MPH)
|
| Bottom of the 3rd over - 1 run, 3 hits, 1 error, 1 left on base; New York 2 - Philadelphia 3 |
| TOP OF THE 4TH |
|
New York Mets batting - Pitching for Philadelphia Phillies : RHP Bill Singer
|
|
Batting: RHB Garry Maddox
|
0-0: Ball 1-0: Foul Ball, location: 3F, Error on foul ball, E3 1-1: Swinging Strike 1-2: Foul Ball, location: 2F 1-2: Foul Ball, location: 2F 1-2: SINGLE (Groundball, 6MD, EV 101.3 MPH)
|
|
Batting: LHB John Kruk
|
0-0: Ball 1-0: Ball 2-0: Ball 3-0: Called Strike 3-1: Base on Balls Garry Maddox to second
|
|
Batting: RHB Ray Knight
|
0-0: Ball 1-0: Grounds into double play, 4-6-3 (Groundball, 4, EV 86.3 MPH) Garry Maddox to third
|
|
Batting: RHB Bill Almon
|
0-0: Intentional Walk
|
|
Batting: RHB Enrique Martinez
|
0-0: Fly out, F9 (Line Drive, 9, EV 93.8 MPH)
|
| Top of the 4th over - 0 runs, 1 hit, 1 error, 2 left on base; New York 2 - Philadelphia 3 |
| BOTTOM OF THE 4TH |
|
Philadelphia Phillies batting - Pitching for New York Mets : RHP Enrique Martinez
|
|
Batting: RHB Andre Dawson
|
0-0: Ground out 5-3 (Groundball, 56S, EV 82.5 MPH)
|
|
Batting: LHB Lou Whitaker
|
0-0: Ball 1-0: Foul Ball, location: 2F 1-1: Ball 2-1: Ball 3-1: Base on Balls
|
|
Batting: RHB Jody Davis
|
0-0: Called Strike 0-1: Ball 1-1: Ball 2-1: Foul Ball, location: 2F 2-2: Foul Ball, location: 2F 2-2: Foul Ball, location: 2F 2-2: Fly out, F4 (Flyball, 34D, EV 85.0 MPH)
|
|
Batting: RHB Bill Singer
|
0-0: Ball 1-0: Foul Ball, location: 2F 1-1: Foul Ball, location: 2F 1-2: Strikes out swinging
|
| Bottom of the 4th over - 0 runs, 0 hits, 0 errors, 1 left on base; New York 2 - Philadelphia 3 |
| TOP OF THE 5TH |
|
New York Mets batting - Pitching for Philadelphia Phillies : RHP Bill Singer
|
|
Batting: RHB Dave Concepcion
|
0-0: Foul Ball, location: 2F 0-1: SINGLE (Popup, 6D, EV 68.1 MPH)
|
|
Batting: RHB Jason Sickman
|
0-0: Ball 1-0: Swinging Strike 1-1: Foul Ball, location: 2F 1-2: Strikes out swinging
|
|
Batting: LHB Lyman Bostock
|
0-0: Ball 1-0: DOUBLE (Line Drive, 7LM, EV 100.6 MPH) Dave Concepcion to third Runner from 3rd tries for Home, SAFE, no throw by LF
|
|
Batting: RHB Gary Redus
|
0-0: Ball 1-0: Ball 2-0: Ball 3-0: Called Strike 3-1: Called Strike 3-2: Foul Ball, location: 2F 3-2: SINGLE (Groundball, 56S, EV 69.4 MPH) (infield hit) Lyman Bostock to third
|
|
Batting: RHB Garry Maddox
|
0-0: Ball Gary Redus is caught stealing 2nd base 2-4 1-0: Swinging Strike 1-1: Ground out 4-3 (Groundball, 4, EV 80.6 MPH)
|
| Top of the 5th over - 1 run, 3 hits, 0 errors, 1 left on base; New York 3 - Philadelphia 3 |
| BOTTOM OF THE 5TH |
|
Philadelphia Phillies batting - Pitching for New York Mets : RHP Enrique Martinez
|
|
Batting: RHB Andy Ramirez
|
0-0: Called Strike 0-1: Fly out, F7 (Line Drive, 7, EV 100.6 MPH)
|
|
Batting: RHB Paul Molitor
|
0-0: Foul Ball, location: 2F 0-1: Swinging Strike 0-2: Ball 1-2: SOLO HOME RUN (Flyball, 7D, EV 93.8 MPH), Distance : 371 ft
|
|
Batting: LHB Tony Gwynn
|
0-0: Ball 1-0: Ball 2-0: Ball 3-0: Base on Balls
|
|
Batting: RHB Candy Maldonado
|
0-0: Called Strike 0-1: Ball 1-1: Swinging Strike 1-2: Fly out, F6 (Flyball, 6D, EV 86.9 MPH)
|
|
Batting: LHB Ken Phelps
|
0-0: Called Strike Tony Gwynn steals 2nd base (no throw) 0-1: Foul Ball, location: 2F 0-2: DOUBLE (Line Drive, 5D, EV 98.8 MPH) Tony Gwynn scores
|
|
Pitching: RHP Kip Young
|
|
|
Now at 1B: Alamazoo White
|
|
|
Batting: RHB Andre Dawson
|
0-0: Called Strike 0-1: 2-RUN HOME RUN (Flyball, 7D, EV 99.4 MPH), Distance : 367 ft
|
|
Batting: LHB Lou Whitaker
|
0-0: Ball 1-0: Foul Ball, location: 2F 1-1: Ball 2-1: Ball 3-1: DOUBLE (Line Drive, 89D, EV 103.1 MPH)
|
|
Batting: RHB Jody Davis
|
0-0: Intentional Walk
|
|
Batting: RHB Bill Singer
|
0-0: Ball 1-0: Foul Ball, location: 2F 1-1: Ball 2-1: Swinging Strike 2-2: Strikes out looking
|
| Bottom of the 5th over - 4 runs, 4 hits, 0 errors, 2 left on base; New York 3 - Philadelphia 7 |
| TOP OF THE 6TH |
|
New York Mets batting - Pitching for Philadelphia Phillies : RHP Bill Singer
|
|
Batting: LHB John Kruk
|
0-0: Foul Ball, location: 2F 0-1: Foul Ball, location: 2F 0-2: Foul Ball, location: 2F 0-2: Foul Ball, location: 2F 0-2: Foul Ball, location: 2F 0-2: Foul Ball, location: 2F 0-2: Ground out 6-3 (Groundball, 6, EV 88.8 MPH)
|
|
Batting: RHB Ray Knight
|
0-0: Ground out U3 (Groundball, 34, EV 84.4 MPH)
|
|
Batting: RHB Bill Almon
|
0-0: Called Strike 0-1: Ball 1-1: Ball 2-1: Ground out 4-3 (Groundball, 4M, EV 104.4 MPH)
|
| Top of the 6th over - 0 runs, 0 hits, 0 errors, 0 left on base; New York 3 - Philadelphia 7 |
| BOTTOM OF THE 6TH |
|
Philadelphia Phillies batting - Pitching for New York Mets : RHP Kip Young
|
|
Batting: RHB Andy Ramirez
|
0-0: Ball 1-0: Ball 2-0: SINGLE (Line Drive, 6MD, EV 101.3 MPH)
|
|
Batting: RHB Paul Molitor
|
0-0: Ball 1-0: Ball 2-0: Called Strike 2-1: Ball 3-1: Sac Bunt to 25 - play at first, batter safe! Andy Ramirez to second
|
|
Batting: LHB Tony Gwynn
|
0-0: Foul Ball, location: 2F 0-1: SINGLE (Groundball, 4MD, EV 103.8 MPH) Andy Ramirez to third Paul Molitor to second Runner from 3rd tries for Home, SAFE, throw by CF to home
|
|
Batting: RHB Candy Maldonado
|
0-0: Fly out, F7 (Flyball, 7S, EV 92.5 MPH)
|
|
Batting: LHB Ken Phelps
|
0-0: Ball 1-0: Foul Ball, location: 2F 1-1: Ball 2-1: Foul Ball, location: 2F 2-2: Ball 3-2: Foul Ball, location: 2F 3-2: Fly out, F9 (Flyball, 89D, EV 83.8 MPH) Runner from 2nd tags up, SAFE at 3rd, no throw by RF
|
|
Batting: RHB Andre Dawson
|
0-0: Ball 1-0: Ground out 4-3 (Groundball, 34, EV 103.1 MPH)
|
| Bottom of the 6th over - 1 run, 3 hits, 0 errors, 2 left on base; New York 3 - Philadelphia 8 |
| TOP OF THE 7TH |
|
New York Mets batting - Pitching for Philadelphia Phillies : RHP Bill Singer
|
|
Batting: LHB Alamazoo White
|
0-0: Ball 1-0: Foul Ball, location: 2F 1-1: Ball 2-1: Called Strike 2-2: Strikes out swinging
|
|
Batting: RHB Dave Concepcion
|
0-0: Ball 1-0: Foul Ball, location: 2F 1-1: Ball 2-1: Foul Ball, location: 2F 2-2: Ground out 4-3 (Groundball, 4, EV 86.3 MPH)
|
|
Batting: RHB Jason Sickman
|
0-0: Reached on error, E5 (Groundball, 25, EV 81.3 MPH)
|
|
Batting: LHB Lyman Bostock
|
0-0: Ball 1-0: Foul Ball, location: 2F 1-1: Ball 2-1: Called Strike 2-2: Fly out, F9 (Flyball, 9, EV 93.8 MPH)
|
| Top of the 7th over - 0 runs, 0 hits, 1 error, 1 left on base; New York 3 - Philadelphia 8 |
| BOTTOM OF THE 7TH |
|
Philadelphia Phillies batting - Pitching for New York Mets : RHP Kip Young
|
|
Batting: LHB Lou Whitaker
|
0-0: Called Strike 0-1: Ball 1-1: Ball 2-1: SOLO HOME RUN (Flyball, 7D, EV 112.5 MPH), Distance : 370 ft
|
|
Batting: RHB Jody Davis
|
0-0: Ball 1-0: Ball 2-0: Ground out 2-3 (Groundball, 2L, EV 70.0 MPH)
|
|
Batting: RHB Bill Singer
|
0-0: Called Strike 0-1: Called Strike 0-2: DOUBLE (Flyball, 8LD, EV 101.3 MPH)
|
|
Batting: RHB Andy Ramirez
|
0-0: Ball 1-0: Fly out, F9 (Flyball, 9D, EV 96.9 MPH) Runner from 2nd tags up, SAFE at 3rd, no throw by RF
|
|
Batting: RHB Paul Molitor
|
0-0: Ball 1-0: Ball 2-0: Ball 3-0: Base on Balls
|
|
Batting: LHB Tony Gwynn
|
0-0: SINGLE (Line Drive, 89S, EV 93.1 MPH) Bill Singer scores Paul Molitor to second Runner from 2nd tries for 3rd, SAFE, throw by RF made to third
|
|
Pinch Hitting: LHB Terry Bogener
|
0-0: Ball 1-0: Ball 2-0: Ball 3-0: Foul Ball, location: 2F 3-1: Foul Ball, location: 2F 3-2: Foul Ball, location: 2F 3-2: Foul Ball, location: 2F 3-2: SINGLE (Line Drive, 78S, EV 86.3 MPH) Paul Molitor scores Tony Gwynn to second Tony Gwynn to third
|
|
Pinch Hitting: RHB Dan Thomas
|
0-0: Fly out, F7 (Flyball, 7LM, EV 83.1 MPH)
|
| Bottom of the 7th over - 3 runs, 4 hits, 0 errors, 2 left on base; New York 3 - Philadelphia 11 |
| TOP OF THE 8TH |
|
New York Mets batting - Pitching for Philadelphia Phillies : RHP Bill Singer
|
|
Now at 1B: Dan Thomas
|
|
|
Now in CF: Rick Lancellotti
|
|
|
Pinch Hitting: LHB Roy E Johnson
|
0-0: SINGLE (Line Drive, 78M, EV 91.3 MPH)
|
|
Pinch Hitting: RHB George Gomez
|
0-0: Called Strike 0-1: Foul Ball, location: 2F 0-2: Ball 1-2: Ball 2-2: Ball 3-2: Base on Balls Roy E Johnson to second
|
|
Batting: LHB John Kruk
|
0-0: Fly out, F8 (Line Drive, 8LD, EV 86.3 MPH)
|
|
Pinch Hitting: RHB Rick Burleson
|
0-0: Called Strike 0-1: Foul Ball, location: 2F 0-2: Ball 1-2: Ball 2-2: Grounds into double play, 4-6-3 (Groundball, 4, EV 89.4 MPH)
|
| Top of the 8th over - 0 runs, 1 hit, 0 errors, 1 left on base; New York 3 - Philadelphia 11 |
| BOTTOM OF THE 8TH |
|
Philadelphia Phillies batting - Pitching for New York Mets : RHP Kip Young
|
|
Pitching: RHP Nolan Ryan
|
|
|
Now at SS: Rick Burleson
|
|
|
Now in LF: Roy E Johnson
|
|
|
Batting: RHB Andre Dawson
|
0-0: Called Strike 0-1: SINGLE (Groundball, 25, EV 70.6 MPH) (infield hit)
|
|
Pinch Hitting: RHB Ivan de Jesus
|
0-0: Foul Ball, location: 2F 0-1: Ball 1-1: Ball 2-1: Fly out, F7 (Flyball, 7S, EV 83.1 MPH)
|
|
Batting: RHB Jody Davis
|
0-0: Ball 1-0: Fly out, F4 (Popup, 4D, EV 66.3 MPH)
|
|
Batting: RHB Bill Singer
|
0-0: Foul Ball, location: 2F 0-1: Fly out, F7 (Flyball, 78M, EV 94.4 MPH)
|
| Bottom of the 8th over - 0 runs, 1 hit, 0 errors, 1 left on base; New York 3 - Philadelphia 11 |
| TOP OF THE 9TH |
|
New York Mets batting - Pitching for Philadelphia Phillies : RHP Bill Singer
|
|
Now at 3B: Ivan de Jesus
|
|
|
Batting: RHB Bill Almon
|
0-0: Called Strike 0-1: Ball 1-1: Fly out, F7 (Flyball, 7S, EV 88.8 MPH)
|
|
Batting: LHB Alamazoo White
|
0-0: Ball 1-0: Ball 2-0: Ground out 4-3 (Groundball, 4M, EV 87.5 MPH)
|
|
Batting: RHB Dave Concepcion
|
0-0: Reached on error, E6 (Groundball, 6, EV 99.4 MPH)
|
|
Batting: RHB Jason Sickman
|
0-0: Called Strike 0-1: Fly out, F7 (Flyball, 7LD, EV 81.3 MPH)
|
| Top of the 9th over - 0 runs, 0 hits, 1 error, 1 left on base; New York 3 - Philadelphia 11 |
|